 Dungeon Crawl Stone Soup version 0.26-a0-683-g5206c1d7ac (webtiles) character file.

Game seed: 7502470755783240079

630 ANON1729 the Skirmisher (level 7, -3/55 HPs)
             Began as a Demonspawn Chaos Knight on Oct 22, 2020.
             Was a Plaything of Xom.
             Killed by the air
             ... invoked by Pikel the wind drake (glowing shapeshifter)
              (21 damage)
             ... on level 5 of the Dungeon.
             The game lasted 00:08:06 (5044 turns).

ANON1729 the Skirmisher (Demonspawn Chaos Knight)   Turns: 5044, Time: 00:08:06

Health: -3/55      AC:  5    Str: 14    XL:     7   Next: 24%
Magic:  7/7        EV: 13    Int: 13    God:    Xom [.*....]
Gold:   219        SH:  0    Dex: 13    Spells: 6/6 levels left

rFire    . . .     SeeInvis +   a - +0 mace (chaos)
rCold    . . .     Faith    .   (no shield)
rNeg     . . .     Spirit   .   b - +2 leather armour
rPois    .         Reflect  .   (no helmet)
rElec    .         Harm     .   (no cloak)
rCorr    +         Rampage  .   (no gloves)
MR       .....                  (no boots)
Stlth    +.........             n - amulet of magic regeneration
HPRegen  0.18/turn              k - ring of resist corrosion
MPRegen  0.35/turn              m - ring of see invisible

@: no status effects
A: demonic guardian 1, powered by death 2
a: Renounce Religion


You were on level 5 of the Dungeon.
You worshipped Xom.
You were a plaything of Xom.
You visited 1 branch of the dungeon, and saw 5 of its levels.

You collected 219 gold pieces.

Inventory:

Hand Weapons
 a - a +0 mace of chaos (weapon)
 h - a +0 flail of protection
Armour
 b - a +2 leather armour (worn)
 u - the +0 pair of boots of the Centipede {rPois MR- Dex+3}
   (You found it on level 4 of the Dungeon)

   It affects your dexterity (+3).
   It protects you from poison.
   It affects your resistance to hostile enchantments.
 v - a +0 buckler
Jewellery
 k - a ring of resist corrosion (left hand)
 m - a ring of see invisible (right hand)
 n - an amulet of magic regeneration (around neck)
Wands
 o - a wand of polymorph (10)
 s - a wand of disintegration (10)
Scrolls
 c - 4 scrolls of identify {unknown}
 d - 3 scrolls of magic mapping {unknown}
 e - 2 scrolls of enchant armour {unknown}
 f - a scroll of remove curse {unknown}
 g - 2 scrolls of random uselessness {unknown}
 i - 2 scrolls of enchant weapon {unknown}
 j - a scroll of fear {unknown}
 r - a scroll of amnesia {unknown}
 t - 2 scrolls of teleportation {unknown}
Potions
 l - a potion of berserk rage {unknown}
 p - 3 potions of curing {unknown}
 q - a potion of invisibility {unknown}


   Skills:
 + Level 4.9 Fighting
 + Level 4.6 Maces & Flails
 + Level 4.1 Armour
 - Level 3.1 Dodging


You had 6 spell levels left.
You didn't know any spells.
Your spell library contained the following spells:

 Spells                   Type           Power        Failure   Level
 Confusing Touch          Hex            #.......     75%         3
 Gell's Gravitas          Tloc           #.........   75%         3
 Petrify                  Tmut/Erth      #.......     98%         4
 Metabolic Englaciation   Hex/Ice        #.........   100%        5
 Yara's Violent Unravell  Hex/Tmut       #.........   100%        5


Dungeon Overview and Level Annotations

Branches:
Dungeon (5/15)
 Temple: D:4-7

Altars:

Annotations:
D:3 2 runed translucent doors, Gather's ghost, amateur BaIE
D:5 Pikel


Innate Abilities, Weirdness & Mutations

A weak demonic guardian rushes to your aid.
You regenerate health from kills.


Message History

Pikel shouts!
You hit Pikel. You freeze Pikel.
Pikel is severely wounded.
Your shadow imp closely misses Pikel.
Pikel barely misses you. Pikel claws you!
* * * LOW HITPOINT WARNING * * *
Pikel claws you but does no damage.
You swap places.
Your shadow imp hits Pikel but does no damage.
Your ufetubus hits Pikel. x2; Pikel closely misses your ufetubus.
Pikel claws your ufetubus. Pikel claws your ufetubus!
Your ufetubus dies!
Pikel shouts!
Pikel the deep troll changes into a two-headed ogre!
Your shadow imp disappears in a puff of smoke!
You see here a quokka corpse.
Pikel the wind drake comes into view.
Pikel flaps its wings at you. The air twists around and strikes you!!
You die...
Xom bursts into laughter!

######## ### #......#
#######...# #..(...#
#..........
#......####5@........
#......)....†........
#...†.......###......
##......k##### #.....
#.........#####.......
#.....................
.........#O######..
... ...#####.#5# ...
... #.#55


You could see Pikel the wind drake and a friendly quasit (summoned).

Vanquished Creatures
  Sigmund (D:4)
  A scorpion (D:4)
  2 orc wizards (D:3)
  A hound (D:4)
  Natasha (thrice) (D:3)
  2 worker ants
  A hound skeleton (D:5)
  3 adders
  A gnoll (D:4)
  An ooze (D:1)
  2 worms
  2 dart slugs
  7 leopard geckos
  13 orcs
  2 giant cockroaches
  5 hobgoblins
  15 jackals
  3 quokkas
  2 ball pythons
  5 bats
  5 frilled lizards
  A goblin (D:1)
  6 kobolds
  15 rats
99 creatures vanquished.

Vanquished Creatures (collateral kills)
  An ogre (D:5)
  2 gnolls (D:4)
3 creatures vanquished.

Grand Total: 102 creatures vanquished

Notes
Turn   | Place    | Note
-------+----------+-------------------------------------------
     0 | D:1      | ANON1729 the Demonspawn Chaos Knight began the quest for
                  | the Orb.
     0 | D:1      | Reached XP level 1. HP: 18/18 MP: 1/1
    76 | D:1      | Reached skill level 1 in Dodging
   115 | D:1      | XOM: butterfly on damage
   147 | D:1      | XOM: divination: detect creatures
   216 | D:1      | XOM: cloud trail
   313 | D:1      | Gained mutation: You regenerate a little health from kills.
                  | [demonic ancestry]
   313 | D:1      | Reached XP level 2. HP: 22/24 MP: 2/2
   376 | D:1      | XOM: noise
   378 | D:1      | XOM: noise
   381 | D:1      | XOM: potion effect (invisibility)
   383 | D:1      | XOM: silly message
   475 | D:1      | Reached XP level 3. HP: 28/29 MP: 3/3
  1517 | D:3      | Reached XP level 4. HP: 11/36 MP: 4/4
  1528 | D:3      | XOM: cast spell 'Alistair's Intoxication'
  1552 | D:3      | Gained mutation: You regenerate health from kills. [demonic
                  | ancestry]
  1552 | D:3      | Reached XP level 5. HP: 5/42 MP: 5/5
  1703 | D:3      | XOM: 3-stop teleportation journey
  2189 | D:3      | XOM: smoke on damage
  2408 | D:3      | Noticed Natasha
  2416 | D:3      | Killed Natasha
  2575 | D:3      | XOM: noise
  2806 | D:3      | Noticed Natasha
  2816 | D:3      | Killed Natasha
  3123 | D:3      | Noticed Natasha
  3134 | D:3      | Killed Natasha
  3159 | D:3      | Found a large runed translucent door.
  3160 | D:3      | Found a large runed translucent door.
  3162 | D:3      | Noticed Gather's ghost (amateur BaIE)
  3210 | D:4      | Noticed Sigmund
  3214 | D:4      | XOM: enchant monster (good)
  3229 | D:4      | Killed Sigmund
  3229 | D:4      | Gained mutation: A weak demonic guardian rushes to your
                  | aid. [demonic ancestry]
  3229 | D:4      | Reached XP level 6. HP: 39/49 MP: 6/6
  3280 | D:4      | XOM: god gift: fizzy green potion {god gift}
  3478 | D:4      | XOM: cast spell 'Dispersal'
  4196 | D:4      | Got a pair of fine boots
  4202 | D:4      | Identified the +0 pair of boots of the Centipede {rPois MR-
                  | Dex+3} (You found it on level 4 of the Dungeon)
  4244 | D:4      | Reached XP level 7. HP: 46/55 MP: 7/7
  4668 | D:5      | Entered Level 5 of the Dungeon
  4740 | D:5      | XOM: noise
  4785 | D:5      | XOM: 1-stop teleportation journey
  5022 | D:5      | Noticed Pikel
  5033 | D:5      | Noticed Pikel
  5033 | D:5      | Pikel changed into Pikel the glowing shapeshifter
  5033 | D:5      | XOM: polymorph Pikel -> Pikel the glowing shapeshifter
  5033 | D:5      | Noticed Pikel
  5033 | D:5      | Pikel the glowing shapeshifter changed into Pikel the deep
                  | troll
  5037 | D:5      | Noticed Pikel
  5037 | D:5      | Pikel the deep troll changed into Pikel the two-headed ogre
  5043 | D:5      | Noticed Pikel
  5044 | D:5      | Killed from afar by Pikel the wind drake (glowing
                  | shapeshifter)

Illustrated notes

Levels and vault maps discovered:
D:1:      lemuel_arrival_tunnels, layout_basic
D:2:      layout_basic
D:3:      layout_basic, ebering_ghost_disaster_area, uniq_natasha
D:4:      layout_cave_pods, uniq_sigmund
D:5:      layout_rooms, basic_altar, serial_shops, nicolae_shop_window_shopping,
          uniq_pikel

Skill      XL: |  1  2  3  4  5  6  7 |
---------------+----------------------+-----
Dodging        | 1 2 3 |  3.1
Armour         | 2 3 4 |  4.1
Maces & Flails | 3 4 |  4.6
Fighting       | 4 |  4.9

Action                   |  1- 3 |  4- 6 |  7- 9 || total
-------------------------+-------+-------+-------++-------
Melee: Mace              |   126 |   198 |    36 ||   360
       Flail             |       |     2 |       ||     2
       Unarmed           |       |     7 |       ||     7
  Use: Potion            |       |     1 |       ||     1
 Stab: Sleeping          |     1 |       |       ||     1
       Petrified         |       |    12 |       ||    12
       Paralysed         |       |     4 |       ||     4
Armor: Leather armour    |    57 |    39 |     7 ||   103
Dodge: Dodged            |    89 |   173 |    22 ||   284

Table legend: (Time is in decaauts)
 A = Elapsed time spent in this place.
 B = Non-inter-level travel time spent in this place.
 C = Inter-level travel time spent in this place.
 D = Time resting spent in this place.
 E = Time spent auto-exploring this place.
 F = Levels seen in this place.
 G = Mean time per level.
                   A        B        C        D        E       F      G
               +--------+--------+--------+--------+--------+-----+--------+
         Total |   5144 |   5015 |    129 |   1582 |   2583 |   5 | 1028.8 |
       Dungeon |   5144 |   5015 |    129 |   1582 |   2583 |   5 | 1028.8 |
               +--------+--------+--------+--------+--------+-----+--------+

Top non-repeatable levels by time:
     D:4: 1662 daAuts
     D:3: 1545 daAuts
     D:2: 979 daAuts
     D:1: 760 daAuts
     D:5: 196 daAuts
